cohdb
Replays
Latest Replays
All Replays
Popular Replays
Top Player Replays
Match Explorer
How It Works
Community
CoH3 Stats
Reddit
Sign in to upload your games and track your stats! →
Sign in with Steam
Match 22044470
Unlisted
Match 22044470
Overview
Messages
Build Orders
End
Kradschützen Motorcycle Team
Selects Armored Support Battlegroup
Panzergrenadier Squad
250 Light Carrier
Construct Light Support Kompanie
Assault Grenadier Squad
Fire Support Elements
Flakvierling Half-track
Selects Superior Fire Drills
Assault Grenadier Squad
Panzerjäger Mechanized Group
Construct Panzerarmee Kommand
Vehicle Survival Package
Selects Salvage Kits
Selects Panzer Storm
Panzer III L Medium Tank
2.5-tonne Medical Truck
Panzer III L Medium Tank
Emergency Repair Kits
le.IG 18 Mechanized Group
Selects Stuka Anti-tank Loiter
Oddball!
Kayaking Koala
ah
heybuy
0
0
Comments
sign in to comment!
No comments posted yet!